 Dungeon Crawl Stone Soup version 0.20-b1 (webtiles) character file.

20045 Gorglomux the Severer (level 12, -4/118 HPs)
             Began as a Hill Orc Monk on May 19, 2017.
             Was a High Priest of Okawaru.
             Slain by a large abomination (32 damage)
             ... on level 11 of the Dungeon.
             The game lasted 00:20:32 (16113 turns).

Gorglomux the Severer (Hill Orc Monk)              Turns: 16113, Time: 00:20:32

Health: -4/118     AC: 17    Str: 15    XL:     12   Next: 75%
Magic:  18/18      EV: 13    Int: 12    God:    Okawaru [*****.]
Gold:   844        SH:  5    Dex: 11    Spells: 11/11 levels left

rFire    + . .     SeeInvis .   I - +0 battleaxe (chop)
rCold    . . .     Gourm    .   (shield currently unavailable)
rNeg     . . .     Faith    .   V - +1 scale mail of Tempters {*Corrode +Blink rPois Slay+2}
rPois    +         Spirit   .   X - +1 hat {MR+}
rElec    .         Reflect  +   (no cloak)
rCorr    .         Harm     .   k - +0 pair of gloves
MR       +....                  i - +0 pair of boots of Hoskuk {rPois rF+ Str-4 Int+2}
Stlth    ++........             h - +5 amulet of reflection
Regen    0.3/turn               g - +3 ring of protection
MPRegen  0.2/turn               z - ring of poison resistance {rPois, !d}

@: heroism
A: hooves 1, clumsy 1
a: Heroism, Finesse, Renounce Religion, Evoke Blink


You were on level 11 of the Dungeon.
You worshipped Okawaru.
Okawaru was extremely pleased with you.
You were hungry.

You visited 1 branch of the dungeon, and saw 11 of its levels.
You also visited: Ossuary.

You collected 844 gold pieces.

Inventory:

Hand Weapons
 I - a +0 battleaxe of chopping (weapon)
   (You took it off an orc warrior on level 10 of the Dungeon)
 Z - a +2 scimitar of flaming
   (You took it off an efreet on level 10 of the Dungeon)
Missiles
 L - 3 throwing nets {=f, !d}
Armour
 i - the +0 pair of boots of Hoskuk (worn) {rPois rF+ Str-4 Int+2}
   (Okawaru gifted it to you on level 7 of the Dungeon)

   It affects your strength (-4).
   It affects your intelligence (+2).
   It protects you from fire.
   It protects you from poison.
 k - a +0 pair of gloves (worn)
   (You found it on level 1 of the Dungeon)
 V - the +1 scale mail of Tempters (worn) {*Corrode +Blink rPois Slay+2}
   (You found it on level 9 of the Dungeon)

   It affects your accuracy and damage with ranged weapons and melee attacks
   (+2).
   It protects you from poison.
   It lets you blink.
   It may corrode you when you take damage.
 X - a +1 hat of magic resistance (worn)
   (Okawaru gifted it to you on level 11 of the Dungeon)
Jewellery
 d - a +5 ring of dexterity
   (You found it on level 1 of the Dungeon)
 g - a +3 ring of protection (left hand)
   (You found it on level 7 of the Dungeon)
 h - a +5 amulet of reflection (around neck)
   (You found it on level 2 of the Dungeon)
 z - a ring of poison resistance (right hand) {rPois, !d}
   (You found it on level 4 of the Dungeon)
Wands
 s - a wand of enslavement (12/24)
   (You found it on level 10 of the Dungeon)
 B - a wand of confusion (21/48)
   (You found it on level 10 of the Dungeon)
 D - a wand of acid (6/15)
   (You found it on level 9 of the Dungeon)
Scrolls
 a - 2 scrolls of immolation {unknown}
 b - 2 scrolls of amnesia
 n - 2 scrolls of blinking {unknown}
 p - 2 scrolls of enchant armour {unknown}
 u - 5 scrolls of teleportation
 y - a scroll of holy word {unknown}
 G - 3 scrolls of remove curse
 J - a scroll of fog {unknown}
 K - 2 scrolls of fear
 N - a scroll of magic mapping {unknown}
 P - 2 scrolls of identify
 R - 3 scrolls of recharging {unknown}
 U - a scroll of noise {unknown}
 Y - a scroll of brand weapon {unknown}
Potions
 e - a potion of agility
 j - 5 potions of heal wounds
 o - 4 potions of mutation {!q}
 t - 2 potions of haste
 v - 2 potions of cancellation
 A - a potion of resistance {unknown}
 C - 3 potions of lignification {!q}
 M - 2 potions of flight
 O - 2 potions of brilliance {unknown}
 Q - a potion of ambrosia {unknown}
 S - 6 potions of curing
 T - a potion of might {unknown}
 W - a potion of magic {unknown}
Books
 l - a book of Power
   (You found it on level 10 of the Dungeon)
 m - a book of Enchantments
   (You found it on level 10 of the Dungeon)
 r - a book of Flames
   (You found it on level 9 of the Dungeon)
 x - Idwemisu's Almanac of Entrancing Heat
   (You found it on level 4 of the Dungeon)

   Spells                             Type                      Level
   a - Conjure Flame                  Conjuration/Fire             3
   b - Spectral Weapon                Hexes/Charms                 3
   c - Sticky Flame                   Conjuration/Fire             4
   d - Silence                        Hexes/Air                    5
   e - Summon Mana Viper              Hexes/Summoning              5
 F - a book of Geomancy
   (You found it on level 5 of the Dungeon)
Comestibles
 c - 10 bread rations {@e1}
 f - 5 fruits
 w - 2 royal jellies
 H - 4 meat rations {@e2}


   Skills:
 + Level 14.5(19.5) Fighting
 * Level 17.4(22.4) Axes
 + Level 6.8(11.8) Armour
 - Level 2.4(7.4) Dodging
 - Level 1.5(6.5) Stealth
 - Level 8.4 Invocations


You had 11 spell levels left.
You didn't know any spells.

Dungeon Overview and Level Annotations

Branches:
Dungeon (11/15)            Temple (0/1) D:5            Lair (0/6) D:8
    Orc: D:9-12

Altars:
Ashenzari
Cheibriados
Dithmenos
Fedhas
Kikubaaqudgha
Makhleb
Nemelex Xobeh
Okawaru
Qazlal
Sif Muna
Trog
Uskayaw
Vehumet
Xom
The Shining One

Shops:
D:7 }

Annotations:
D:4 2 runed doors
D:5 Prince Ribbit


Innate Abilities, Weirdness & Mutations

You have large cloven feet.
You are clumsy. (Dex -2)


Message History

7 small abominations and 4 large abominations come into view.
The small abomination completely misses you.
There are monsters nearby!
You slash the small abomination! The small abomination misses you.
There are monsters nearby!
You slice the small abomination!!
You destroy the small abomination!
Okawaru accepts your kill.
Unknown command.
You gain the combat prowess of a mighty hero.
The large abomination closely misses you.
Unknown command.
You slash the large abomination! You slice the large abomination!!
The large abomination barely misses you.
Unknown command.
You slash the large abomination!
Unknown command.
You slice the large abomination!!
You destroy the large abomination!
Okawaru accepts your kill.
Unknown command.
You barely miss the small abomination.
The small abomination closely misses you.
Unknown command.
You completely miss the small abomination.
Unknown command.
You slice the small abomination!!
The small abomination hits you but does no damage.
Unknown command.
You completely miss the small abomination.
The small abomination hits you!
Unknown command.
You slash the small abomination!
You destroy the small abomination!
Okawaru accepts your kill.
Unknown command.
You slice the small abomination!!
You destroy the small abomination!
Okawaru accepts your kill.
A large abomination comes into view.
You hit the small abomination but do no damage.
The small abomination moves out of view.
You block the small abomination's attack.
You slice the small abomination!!
The small abomination closely misses you.
Unknown command.
You completely miss the small abomination.
You hit the small abomination. The small abomination hits you.
Unknown command.
You slice the small abomination!!
You destroy the small abomination!
Okawaru accepts your kill.
Unknown command.
Unknown command.
The large abomination closely misses you.
The small abomination barely misses you.
The large abomination hits you! x2
There is an open door, spattered with blood here.
You hit the large abomination but do no damage.
Your scale mail of Tempters prevents you from hitting the large abomination.
You slash the small abomination!
The small abomination closely misses you.
You hit the small abomination.
You hit the large abomination but do no damage. x2
The large abomination barely misses you.
The large abomination hits you!!
You are too injured to fight recklessly!
Unknown command.
You are too injured to fight recklessly!
Unknown command.
You hit the large abomination. You closely miss the small abomination.
You slice the large abomination!!
The small abomination closely misses you.
You block the large abomination's attack. x2
You slice the large abomination!! You hit the large abomination.
You slash the small abomination!
You destroy the small abomination!
Okawaru accepts your kill.
The large abomination barely misses you.
You hit the large abomination.
You hit the large abomination but do no damage.
You slash the large abomination! The large abomination hits you! x2
* * * LOW HITPOINT WARNING * * *
You hit the large abomination but do no damage. x2
You completely miss the large abomination.
The large abomination barely misses you.
You slice the large abomination!!
You destroy the large abomination!
Okawaru accepts your kill.
You barely miss the large abomination. You hit the large abomination.
The large abomination hits you.
* * * LOW HITPOINT WARNING * * *
The large abomination closely misses you.
You slash the large abomination! x2
You destroy the large abomination!
Okawaru accepts your kill.
You hit the large abomination but do no damage.
The large abomination hits you!!
You die...

.##.............#
###........######
.....#####.#....#
.....# #.#)...#
###..# #.'....# #..#
###....##+##
###..##### #....#...#
...........#....#.x.#
...........#....@Xx.#
############....#X..#
##########


You could see 2 large abominations and 2 small abominations.

Vanquished Creatures
  A hydra (D:11)
  5 two-headed ogres
  2 unseen horrors (D:11)
  A wizard (D:11)
  An orc knight (D:10)
  An ugly thing (D:10)
  Joseph (D:8)
  A gargoyle (D:11)
  An efreet (D:10)
  Grinder (D:6)
  A hornet (D:7)
  2 hippogriffs
  Eustachio (D:6)
  Grum (D:8)
  4 yaks (D:11)
  2 hungry ghosts
  3 large abominations (D:11)
  3 wargs (D:8)
  Duvessa (D:6)
  An ice beast (D:8)
  7 sky beasts
  5 phantoms
  16 orc warriors
  3 black bears
  2 eyes of draining
  A necrophage (D:6)
  3 centaurs
  10 ogres
  4 wolves (D:8)
  A crocodile (D:5)
  Blork the orc (D:5)
  A big kobold (D:10)
  11 bullfrogs
  A wyvern zombie (D:6)
  5 small abominations (D:11)
  4 gnoll sergeants
  2 scorpions
  A water moccasin zombie (D:8)
  Dowan (D:6)
  12 killer bees
  5 wights (D:8)
  5 howler monkeys
  2 centaur zombies (D:8)
  8 crimson imps
  A human zombie (Ossuary)
  6 hounds
  2 centaur skeletons
  3 jellies
  2 gnoll shamans
  10 orc priests
  3 bullfrog skeletons
  3 iguanas
  15 worker ants
  13 orc wizards
  A killer bee zombie (D:7)
  A big kobold zombie (Ossuary)
  A hound zombie (D:10)
  5 mummies
  A hound skeleton (D:7)
  Robin (D:2)
  36 gnolls
  A howler monkey skeleton (D:9)
  17 adders
  2 shadow imps
  An adder zombie (D:8)
  6 worms
  An adder skeleton (D:8)
  7 dart slugs
  6 leopard geckos
  60 orcs
  6 bats
  3 giant cockroaches
  16 goblins
  17 hobgoblins
  21 jackals
  12 kobolds
  4 quokkas
  A ball python (D:4)
  2 frilled lizards (D:1)
  2 gnoll zombies (Ossuary)
  A goblin zombie (Ossuary)
  2 hobgoblin zombies (Ossuary)
  A kobold zombie (Ossuary)
  16 rats
454 creatures vanquished.

Vanquished Creatures (others)
  An orc (D:11)
1 creature vanquished.

Grand Total: 455 creatures vanquished

Notes
Turn   | Place    | Note
-------+----------+-------------------------------------------
     0 | D:1      | Gorglomux the Hill Orc Monk began the quest for the Orb.
     0 | D:1      | Reached XP level 1. HP: 19/19 MP: 1/1
    19 | D:1      | Reached XP level 2. HP: 24/27 MP: 2/2
    47 | D:1      | Reached skill level 4 in Fighting
   417 | D:1      | Reached XP level 3. HP: 27/33 MP: 3/3
   644 | D:1      | Reached skill level 5 in Axes
   993 | D:2      | Reached XP level 4. HP: 29/41 MP: 4/4
  1085 | D:2      | Gorglomux: !hs ragdoll
  1085 | D:2      | beem: 7310. xomscumming the Farming Slayer (L27 MuCK of Lugonu), blasted by Maurice (wand of fire) on D:23 on 2011-09-05 16:50:25, with 27000000 points after 478185 turns and 1d+16:21:24.
  1085 | D:2      | Gorglomux: !hs ragdoll -log
  1085 | D:2      | beem: 7310. xomscumming, XL27 MuCK, T:478185: http://crawl.develz.org/morgues/0.9/xomscumming/morgue-xomscumming-20110905-165025.txt
  1494 | D:2      | Noticed Robin
  1508 | D:2      | Reached skill level 5 in Fighting
  1519 | D:2      | Killed Robin
  1655 | D:2      | Reached XP level 5. HP: 44/48 MP: 5/5
  1675 | D:2      | Reached skill level 6 in Axes
  1819 | D:2      | Found an ancient bone altar of Kikubaaqudgha.
  2255 | D:3      | Noticed a fire elemental
  2256 | D:3      | Found a snail-covered altar of Cheibriados.
  2257 | D:3      | Found a stormy altar of Qazlal.
  2260 | D:3      | Noticed an air elemental
  2312 | D:3      | HP: 12/49 [orc priest/dagger (1)]
  2314 | D:3      | Reached skill level 6 in Fighting
  2314 | D:3      | Reached XP level 6. HP: 12/57 MP: 6/6
  2727 | D:3      | Found a glowing golden altar of the Shining One.
  2766 | D:3      | Reached skill level 7 in Axes
  3201 | D:3      | Noticed a water elemental
  3355 | D:3      | Found an iron altar of Okawaru.
  3363 | D:3      | Became a worshipper of Warmaster Okawaru
  3363 | D:3      | Reached * piety under Okawaru
  3363 | D:3      | Reached ** piety under Okawaru
  3580 | D:4      | Found a radiant altar of Vehumet.
  3587 | D:4      | Reached XP level 7. HP: 28/64 MP: 4/7
  3593 | D:4      | HP: 15/64 [gnoll/spear (2)]
  3594 | D:4      | Reached skill level 8 in Axes
  3916 | D:4      | Reached skill level 7 in Fighting
  4053 | D:4      | HP: 15/66 [ogre/giant club (24)]
  4060 | D:4      | HP: 14/66 [orc/short sword (2)]
  4673 | D:4      | Reached skill level 9 in Axes
  4726 | D:4      | Found a large runed door.
  4726 | D:4      | Found a large runed door.
  4737 | D:4      | Reached skill level 8 in Fighting
  4755 | D:4      | Found a large runed door.
  4755 | D:4      | Found a large runed door.
  4772 | D:4      | Reached XP level 8. HP: 72/74 MP: 8/8
  5064 | D:4      | Identified Idwemisu's Almanac of Entrancing Heat
  5140 | D:4      | Got an ichor-stained dagger
  5141 | D:4      | Identified the +7 dagger of the Desolation of Salt {vamp, +Rage rF+ rC+} (You found it on level 4 of the Dungeon)
  5192 | D:4      | Reached skill level 10 in Axes
  5269 | D:4      | Reached skill level 9 in Fighting
  5710 | D:4      | Got a shimmering robe
  5816 | D:4      | Reached *** piety under Okawaru
  5830 | D:4      | Got a transparent scale mail
  6047 | D:5      | Entered Level 5 of the Dungeon
  6049 | D:5      | Noticed Prince Ribbit
  6065 | D:5      | Noticed Blork the orc
  6213 | D:5      | Found a shimmering altar of Xom.
  6260 | D:5      | Killed Blork the orc
  6261 | D:5      | Reached skill level 11 in Axes
  6261 | D:5      | Reached XP level 9. HP: 41/85 MP: 7/9
  6479 | D:5      | Reached skill level 10 in Fighting
  6504 | D:5      | Found a staircase to the Ecumenical Temple.
  7073 | D:5      | Found a shadowy altar of Dithmenos.
  7253 | D:6      | Identified the +0 scale mail of the Hidden Vale {*Contam Dex+4} (You took it off an orc on level 4 of the Dungeon)
  7316 | D:6      | Noticed Eustachio
  7316 | D:6      | Found a burning altar of Makhleb.
  7322 | D:6      | Found a sparkling altar of Nemelex Xobeh.
  7340 | D:6      | Killed Eustachio
  7340 | D:6      | Reached skill level 12 in Axes
  7466 | D:6      | Reached skill level 1 in Invocations
  7478 | D:6      | Reached **** piety under Okawaru
  7482 | D:6      | Reached skill level 11 in Fighting
  7483 | D:6      | Reached skill level 2 in Invocations
  7727 | D:6      | Found a hide-covered altar of Uskayaw.
  7729 | D:6      | Found a bloodstained altar of Trog.
  7734 | D:6      | Noticed Duvessa
  7734 | D:6      | Noticed Dowan
  7738 | D:6      | Killed Dowan
  7738 | D:6      | Reached skill level 3 in Invocations
  7741 | D:6      | Killed Duvessa
  7988 | D:6      | Reached skill level 4 in Invocations
  7988 | D:6      | Reached XP level 10. HP: 58/96 MP: 11/13
  7998 | D:6      | Noticed Grinder
  8009 | D:6      | Killed Grinder
  8496 | D:6      | Reached ***** piety under Okawaru
  8496 | D:6      | Reached skill level 13 in Axes
  8496 | D:6      | Reached skill level 5 in Invocations
  8701 | D:7      | Reached skill level 12 in Fighting
  8705 | D:7      | HP: 22/97 [centaur (7)]
  8856 | D:7      | Found a sand-covered staircase.
  9111 | Ossuary  | Entered an ossuary
  9489 | D:7      | Reached skill level 6 in Invocations
 10012 | D:7      | Found Ydureas's Quality Used Wands.
 10016 | D:7      | Found a deep blue altar of Sif Muna.
 10320 | D:7      | Received a gift from Okawaru
 10332 | D:7      | Got a pair of jewelled boots {god gift}
 10338 | D:7      | Identified the +0 pair of boots of Hoskuk {rPois rF+ Str-4 Int+2} (Okawaru gifted it to you on level 7 of the Dungeon)
 10607 | D:8      | HP: 15/99 [warg (12)]
 10613 | D:8      | HP: 34/148 [warg (6)]
 10614 | D:8      | Reached skill level 7 in Invocations
 10635 | D:8      | HP: 32/148 [warg (8)]
 10879 | D:8      | Found a staircase to the Lair.
 10912 | D:8      | Found a shattered altar of Ashenzari.
 10926 | D:8      | Noticed Grum
 10940 | D:8      | Killed Grum
 11210 | D:8      | Noticed Joseph
 11221 | D:8      | Reached skill level 14 in Axes
 11230 | D:8      | Killed Joseph
 11230 | D:8      | Reached skill level 8 in Invocations
 11230 | D:8      | Reached XP level 11. HP: 63/106 MP: 13/17
 11255 | D:8      | HP: 23/106 [orc wizard/magic dart (4)]
 11261 | D:8      | HP: 22/106 [orc wizard/magic dart (2)]
 11272 | D:8      | HP: 24/106 [adder (1)]
 11275 | D:8      | Reached skill level 13 in Fighting
 11277 | D:8      | HP: 13/107 [adder (4)]
 11816 | D:8      | Reached skill level 1 in Armour
 12269 | D:9      | Got a twisted scale mail
 12277 | D:9      | Gained mutation: Your body sometimes deteriorates upon taking damage. [mutagenic glow]
 12280 | D:9      | Identified the cursed +1 scale mail of Tempters {*Corrode +Blink rPois Slay+2} (You found it on level 9 of the Dungeon)
 12405 | D:9      | Lost mutation: Your body sometimes deteriorates upon taking damage. [potion of mutation]
 12405 | D:9      | Gained mutation: You are clumsy. (Dex -2) [potion of mutation]
 12405 | D:9      | Gained mutation: You have large cloven feet. [potion of mutation]
 12431 | D:9      | Reached skill level 2 in Armour
 12784 | D:10     | Entered Level 10 of the Dungeon
 12787 | D:10     | Found a blossoming altar of Fedhas.
 12879 | D:10     | Noticed a two-headed ogre
 12890 | D:10     | HP: 15/107 [two-headed ogre/giant club (26)]
 12891 | D:10     | Killed a two-headed ogre
 12891 | D:10     | Reached skill level 15 in Axes
 12891 | D:10     | Reached skill level 3 in Armour
 13166 | D:10     | Noticed a two-headed ogre
 13198 | D:10     | Killed a two-headed ogre
 13200 | D:10     | HP: 26/107 [efreet/fireball (8)]
 13203 | D:10     | HP: 11/107 [efreet/bolt of fire (16)]
 13588 | D:10     | Noticed a red ugly thing
 13602 | D:10     | Killed a red ugly thing
 13819 | D:10     | Reached skill level 4 in Armour
 14043 | D:11     | Noticed a two-headed ogre
 14053 | D:11     | Killed a two-headed ogre
 14069 | D:11     | Received a gift from Okawaru
 14072 | D:11     | Reached XP level 12. HP: 106/116 MP: 12/18
 14082 | D:11     | Reached skill level 16 in Axes
 14396 | D:10     | HP: 19/116 [orc warrior/halberd (29)]
 14399 | D:10     | Reached skill level 5 in Armour
 14399 | D:10     | Reached skill level 14 in Fighting
 14678 | D:10     | Noticed a two-headed ogre
 14685 | D:10     | Killed a two-headed ogre
 14977 | D:11     | HP: 28/117 [something (3)]
 14985 | D:11     | HP: 17/117 [something (1)]
 15364 | D:11     | Reached skill level 6 in Armour
 15694 | D:11     | Received a gift from Okawaru
 15703 | D:11     | Noticed a two-headed ogre
 15707 | D:11     | Killed a two-headed ogre
 15778 | D:11     | Reached skill level 17 in Axes
 15873 | D:11     | Noticed an eight-headed hydra
 15884 | D:11     | Killed a three-headed hydra
 16112 | D:11     | HP: 28/118 [large abomination (6)]
 16113 | D:11     | Slain by a large abomination

Skill      XL: |  1  2  3  4  5  6  7  8  9 10 11 12 |
---------------+-------------------------------------+-----
Fighting       | 4 5 6 8 9 11 12 13 14 | 14.5
Axes           | 5 6 7 9 11 12 14 15 17 | 17.4
Invocations    | 4 8 |  8.4
Armour         | 4 6 |  6.8
Dodging        | |  2.4
Stealth        | |  1.5

Action                   |  1- 3 |  4- 6 |  7- 9 | 10-12 || total
-------------------------+-------+-------+-------+-------++-------
Melee: Hand axe          |    90 |   279 |   290 |       ||   659
       Punch             |       |     1 |     5 |     2 ||     8
       Broad axe         |       |       |   169 |   251 ||   420
       Battleaxe         |       |       |       |   444 ||   444
       Scimitar          |       |       |       |     8 ||     8
       Unarmed           |       |       |       |     1 ||     1
Invok: Heroism           |       |     2 |     6 |    19 ||    27
       Finesse           |       |       |       |     2 ||     2
Evoke: Wand              |       |       |       |     1 ||     1
  Use: Scroll            |       |       |     7 |     8 ||    15
       Potion            |       |       |       |     4 ||     4
 Stab: Sleeping          |     3 |     2 |     1 |       ||     6
       Distracted        |       |     1 |     1 |       ||     2
  Eat: Chunk             |       |     9 |    16 |    24 ||    49
       Royal jelly       |       |       |       |     1 ||     1
Armor: Robe              |     5 |       |       |       ||     5
       Ring mail         |    18 |    69 |    82 |       ||   169
       Scale mail        |       |       |    28 |   263 ||   291
       Skin              |       |       |       |    12 ||    12
Dodge: Dodged            |    64 |   166 |   222 |   331 ||   783
Block: Other             |       |       |    58 |   158 ||   216
       Reflection        |       |       |     2 |     6 ||     8
       Rpst.: Scimitar   |       |       |       |     1 ||     1

Vault maps used:
D:1:      dpeg_arrival_round_c, serial_forest, infiniplex_forest_diagonal,
          infiniplex_forest_lined_2, infiniplex_forest_straight_1,
          infiniplex_forest_clump_cross, infiniplex_forest_lined_corner,
          infiniplex_forest_straight_3, infiniplex_forest_corner_1,
          infiniplex_forest_clump_long, infiniplex_forest_lined_room_2
D:2:      lemuel_coloured_pillars_altar, first_bread, uniq_robin
D:3:      nicolae_qazlal_style_of_elements, lemuel_doored_altar,
          cheibriados_altar_1, kennysheep_okawaru_gauntlet
D:4:      kennysheep_mini, minmay_hollow_rounded_squares
D:5:      kennysheep_big_flooded_room, grunt_dithmenos_shadows,
          gammafunk_temple_overflow_arena, minmay_temple_entry_statues_pillars,
          saegor_snake_ambush, uniq_prince_ribbit1, uniq_blork_the_orc
D:6:      nicolae_overflow_hidden_temple, grunt_temple_overflow_open,
          uniq_eustachio, uniq_grinder, uniq_duvessa
D:7:      led_sif_book, gup_ossuary_entry_pyramid, grunt_ogre_cave,
          nicolae_for_you_no_charge
D:8:      erik_lair_orcish_takeover, ashenzari_altar_1, uniq_grum, uniq_joseph
D:9:      serial_park_tiny_2
D:10:     nicolae_two_hexagons, fedhas_altar_1
D:11:     minmay_weird_star, special_room, laboratory
Ossuary:  ossuary_crypta

Table legend:
 A = Turns spent in this place as a percentage of turns spent in the entire game.
 B = Non-inter-level travel turns spent in this place as a percentage of non-inter-level travel turns spent in the entire game.
 C = Inter-level travel turns spent in this place as a percentage of turns spent in this place.
 D = Turns resting spent in this place as a percentage of non-inter-level travel turns spent in this place.
 E = Turns spent auto-exploring this place as a percentage of non-inter-level travel turns spent in this place.
 F = Non-inter-level travel turns spent in this place divided by the number of levels of this place that you've seen.
                   A       B       C       D       E      F
               +-------+-------+-------+-------+-------+----------------------
         Total | 100.0 | 100.0 |   0.2 |   2.4 |   6.5 | 499.2
       Dungeon |  97.0 |  97.0 |   0.2 |   2.4 |   6.3 | 528.2
       Ossuary |   3.0 |   3.0 |   0.0 |   3.3 |  11.7 | 180.0
               +-------+-------+-------+-------+-------+----------------------

Table legend:
 A = Kills in this place as a percentage of kills in entire the game.
 B = Kills by you in this place as a percentage of kills by you in the entire game.
 C = Kills by friends in this place as a percentage of kills by friends in the entire game.
 D = Other kills in this place as a percentage of other kills in the entire game.
 E = Experience gained in this place as a percentage of experience gained in the entire game.
 F = Experience gained in this place divided by the number of levels of this place that you have seen.
                   A       B       C       D       E      F
               +-------+-------+-------+-------+-------+----------------------
         Total | 100.0 | 100.0 |  -nan |  -nan | 100.0 | 2386.4
       Dungeon |  97.4 |  97.4 |  -nan |  -nan |  99.5 | 2589.7
       Ossuary |   2.6 |   2.6 |  -nan |  -nan |   0.5 | 150.0
               +-------+-------+-------+-------+-------+----------------------
